cohdb
Replays
Latest Replays
All Replays
Popular Replays
Top Player Replays
Match Explorer
How It Works
Community
CoH3 Stats
Reddit
Sign in to upload your games and track your stats! →
Sign in with Steam
Match 40000098
Unlisted
Match 40000098
Overview
Messages
Build Orders
End
Panzergrenadier Squad
Panzergrenadier Squad
250 Light Carrier
Construct Light Support Kompanie
Panzergrenadier Squad
Fire Support Elements
Combat Half-tracks
MG34 Team
Construct Panzerarmee Kommand
2.5-tonne Medical Truck
Veteran Squad Leaders
Walking Stuka Rocket Launcher
Flak 36 Anti-tank Gun Team
Einhander
sharpshooter
Rickist
Particycles
OLDCOM
Ghost
0
0
Comments
sign in to comment!
No comments posted yet!